 Dungeon Crawl Stone Soup version 0.26-a0-505-g732bf3b8d2 (webtiles) character file.

Game seed: 7427937493694059014

1048 KristoblXynda the Sneak (level 8, -3/58 HPs)
             Began as a Vampire Gladiator on Aug 9, 2020.
             Slain by an ogre
             ... wielding a +0 giant club
              (26 damage)
             ... on level 5 of the Dungeon.
             The game lasted 00:08:13 (4040 turns).

KristoblXynda the Sneak (Vampire Gladiator)         Turns: 4040, Time: 00:08:14

Health: -3/58      AC:  8    Str: 15    XL:     8   Next: 5%
Magic:  8/8        EV: 14    Int: 11    God:
Gold:   256        SH:  0    Dex: 15    Spells: 7/7 levels left

rFire    . . .     SeeInvis +   a - +0 long sword
rCold    + . .     Faith    .   (no shield)
rNeg     . . .     Spirit   .   v - +0 ring mail {rC+}
rPois    .         Reflect  .   c - +1 helmet
rElec    .         Harm     .   f - +0 cloak
rCorr    .                      (no gloves)
MR       .....                  (no boots)
Stlth    +++.......             (no amulet)
HPRegen  0.39/turn              (no ring)
MPRegen  0.11/turn              (no ring)

@: regenerating quickly
A: fangs 3, see invisible, unbreathing
a: Exsanguinate


You were on level 5 of the Dungeon.
You visited 1 branch of the dungeon, and saw 5 of its levels.
You also visited: Sewer and Ossuary.

You collected 256 gold pieces.

Inventory:

Hand Weapons
 a - a +0 long sword (weapon)
 o - a +2 dagger of venom
Missiles
 d - 4 throwing nets (quivered)
Armour
 c - a +1 helmet (worn)
 f - a +0 cloak (worn)
 v - a +0 ring mail of cold resistance (worn)
Scrolls
 h - a scroll of blinking
 j - 7 scrolls of remove curse
 l - a scroll of fear
 m - a scroll of teleportation {unknown}
Potions
 b - 2 potions of curing
 e - 2 potions of cancellation
 g - 4 potions of heal wounds
 i - 2 potions of brilliance
 k - a potion of might
 n - a potion of mutation {unknown}
 p - a potion of magic {unknown}
 q - 2 potions of berserk rage
 r - a potion of invisibility {unknown}
 s - a potion of ambrosia
 t - a potion of flight {unknown}
 u - a potion of lignification
 x - a potion of stabbing


   Skills:
 - Level 3.3 Fighting
 + Level 5.5 Long Blades
 - Level 2.0 Throwing
 + Level 2.5 Armour
 + Level 6.1 Dodging
 + Level 6.7 Stealth


You had 7 spell levels left.
You didn't know any spells.
Your spell library was empty.

Dungeon Overview and Level Annotations

Branches:
Dungeon (5/15)              Sewer (visited)         Ossuary (visited)
 Temple: D:4-7

Altars:
Dithmenos
Makhleb
Okawaru
Qazlal
Yredelemnul
The Shining One

Annotations:
D:4 1 runed translucent door, xoxolimbo's ghost, novice DsFE


Innate Abilities, Weirdness & Mutations

Your natural rate of healing is unusually fast.
You have razor-sharp teeth.
You have supernaturally acute eyesight. (SInv)
You can survive without breathing.


Message History

The ogre is lightly wounded.
The ogre hits you with a +0 giant club.
You slash the ogre!
The ogre is moderately wounded.
The ogre barely misses you.
You hit the ogre but do no damage.
The ogre is moderately wounded.
The ogre hits you with a +0 giant club!!
You hit the ogre.
The ogre is heavily wounded.
You hit the ogre but do no damage.
The ogre is heavily wounded.
The ogre hits you with a +0 giant club.
You barely miss the ogre.
The ogre is heavily wounded.
The ogre barely misses you.
You hit the ogre.
The ogre is heavily wounded.
The ogre hits you with a +0 giant club!!
You die...

*,*******,**********************,
*,* *,*****### *,,,. *,*
*,,,,,,..# *,##. *,* ***###*#.#
****##,*.# *,* #..,#.# *,,,...,,.
*,* *...#.#******,***#.###
*************#.#.#.......####....
,,,,,,,,,,,,,#.O.+,......##......
,,*,,,*,,,*,,*,#@#,,.....##......
,,,,,,,,,,,,_*,#.#,,,....##......
,,*,,,*,,,*,,**#.#,,,,...#####+##
,,,,,,,,,,,,,* #.######....,,,,#.
************** #.#.....#.#######.
,,* #................. ***
###.....##.###...#
#.....##..##..'# #.....###.##.##.


You could see an ogre.

Vanquished Creatures
  A wraith (Ossuary)
  A phantom (D:4)
  2 big kobolds (Sewer)
  A centaur zombie (D:3)
  A centaur skeleton (D:5)
  4 orc priests (D:4)
  A hound (D:4)
  4 orc wizards
  Crazy Yiuf (D:3)
  An iguana (D:4)
  Ijyb (D:3)
  A worker ant (D:4)
  A mummy (Ossuary)
  10 adders
  An ufetubus (D:3)
  10 worms
  2 leopard geckos (D:1)
  11 orcs
  7 bats
  7 giant cockroaches
  3 goblins
  7 hobgoblins
  7 jackals
  2 ball pythons
  5 frilled lizards
  5 gnoll skeletons (Ossuary)
  14 kobolds
  7 kobold skeletons (Ossuary)
  13 orc skeletons (Ossuary)
  8 rats
  A spectral orc (D:4)
140 creatures vanquished.

Notes
Turn   | Place    | Note
-------+----------+-------------------------------------------
     0 | D:1      | KristoblXynda the Vampire Gladiator began the quest for the
                  | Orb.
     0 | D:1      | Reached XP level 1. HP: 16/16 MP: 1/1
    38 | D:1      | Reached XP level 2. HP: 14/22 MP: 2/2
   397 | D:1      | Reached XP level 3. HP: 27/27 MP: 3/3
   675 | D:2      | Reached skill level 1 in Stealth
   746 | D:2      | Found an iron altar of Okawaru.
   754 | D:2      | Found a burning altar of Makhleb.
   809 | D:2      | Reached XP level 4. HP: 25/34 MP: 4/4
  1172 | D:3      | Noticed Ijyb
  1194 | D:3      | Killed Ijyb
  1215 | D:3      | Found a shadowy altar of Dithmenos.
  1238 | D:3      | Reached XP level 5. HP: 19/40 MP: 5/5
  1306 | D:3      | Found a stormy altar of Qazlal.
  1345 | D:3      | Found a glowing drain.
  1357 | Sewer    | Entered a sewer
  1568 | Sewer    | Reached XP level 6. HP: 29/47 MP: 6/6
  2206 | D:3      | Reached skill level 5 in Dodging
  2285 | D:3      | Found a runed translucent door.
  2286 | D:3      | Noticed Crazy Yiuf
  2300 | D:3      | Killed Crazy Yiuf
  2677 | D:3      | Found a glowing golden altar of the Shining One.
  2721 | D:4      | Reached skill level 1 in Armour
  2847 | D:4      | Noticed xoxolimbo's ghost (novice DsFE)
  2852 | D:4      | Reached skill level 5 in Stealth
  2853 | D:4      | Found a runed translucent door.
  2957 | D:4      | Reached XP level 7. HP: 52/52 MP: 7/7
  3167 | D:4      | Reached skill level 5 in Long Blades
  3685 | D:4      | Found a basalt altar of Yredelemnul.
  3742 | D:5      | Entered Level 5 of the Dungeon
  3757 | D:5      | Found a sand-covered staircase.
  3761 | Ossuary  | Entered an ossuary
  3761 | Ossuary  | Noticed a wraith
  3761 | Ossuary  | Noticed a wraith
  3761 | Ossuary  | Noticed a wraith
  3934 | Ossuary  | Noticed a wraith
  3953 | Ossuary  | Killed a wraith
  3953 | Ossuary  | Reached XP level 8. HP: 54/58 MP: 8/8
  4040 | D:5      | Slain by an ogre

Illustrated notes

Levels and vault maps discovered:
D:1:      dpeg_arrival_shelter, layout_basic
D:2:      layout_rooms, chequers_temple_overflow_statue_of_worship
D:3:      layout_loops_ring, nicolae_qazlal_general_emergency,
          nicolae_dithmenos_shadow_blocks, tso_altar,
          cheibrodos_sewer_entry_bend, uniq_ijyb, uniq_crazy_yiuf_cottage
D:4:      layout_loops_ring, yredelemnul_forgotten_temple_becter,
          hellmonk_ghost_happy_afterlife
D:5:      layout_basic, lemuel_coloured_pillars_altar, enter_ossuary_5,
          hex_medium, uniq_grinder, uniq_edmund

Skill      XL: |  1  2  3  4  5  6  7 |
---------------+----------------------+-----
Fighting       | 2 3 |  3.3
Throwing       | 2 |  2.0
Stealth        | 1 2 4 5 6 |  6.7
Dodging        | 4 5 6 |  6.1
Long Blades    | 4 5 |  5.5
Armour         | 1 2 |  2.5

Action                   |  1- 3 |  4- 6 |  7- 9 || total
-------------------------+-------+-------+-------++-------
Melee: Long sword        |    78 |   130 |    77 ||   285
       Bite              |     7 |    39 |    20 ||    66
       Dagger            |       |    90 |    69 ||   159
  Use: Scroll            |       |     7 |     9 ||    16
       Potion            |       |     2 |     1 ||     3
 Stab: Sleeping          |     2 |     4 |     2 ||     8
Armor: Leather armour    |    12 |    44 |     8 ||    64
       Ring mail         |       |       |    32 ||    32
Dodge: Dodged            |    63 |   148 |    89 ||   300
       Rpst.: Long sword |    28 |    31 |    12 ||    71

Table legend: (Time is in decaauts)
 A = Elapsed time spent in this place.
 B = Non-inter-level travel time spent in this place.
 C = Inter-level travel time spent in this place.
 D = Time resting spent in this place.
 E = Time spent auto-exploring this place.
 F = Levels seen in this place.
 G = Mean time per level.
                   A        B        C        D        E       F      G
               +--------+--------+--------+--------+--------+-----+--------+
         Total |   4128 |   4053 |     75 |    592 |   2029 |   7 |  589.7 |
       Dungeon |   3282 |   3207 |     75 |    430 |   1850 |   5 |  656.4 |
         Sewer |    604 |    604 |      0 |    143 |    179 |   1 |  604.0 |
       Ossuary |    240 |    240 |      0 |     19 |      0 |   1 |  240.0 |
               +--------+--------+--------+--------+--------+-----+--------+

Top non-repeatable levels by time:
     D:4: 1015 daAuts
     D:3: 1008 daAuts
     D:1: 641 daAuts
   Sewer: 604 daAuts
     D:2: 547 daAuts
 Ossuary: 240 daAuts
     D:5: 69 daAuts
